 Dungeon Crawl Stone Soup version 0.29.1-13-g9f3cf754e1 (webtiles) character file.

Game seed: 14869162013018462045

133 fets63 the Chopper (level 4, -1/41 HPs)
             Began as a Minotaur Berserker on Jan 19, 2023.
             Was a Priest of Trog.
             Slain by Grinder (8 damage)
             ... while paralysed by Grinder
             ... on level 2 of the Dungeon.
             The game lasted 00:11:10 (2403 turns).

fets63 the Chopper (Minotaur Berserker)             Turns: 2403, Time: 00:11:10

Health: -1/41      AC:  7    Str: 23    XL:     4   Next: 94%
Magic:  3/3        EV:  5    Int:  4    God:    Trog [***...]
Gold:   48         SH:  0    Dex: 10    Spells: 3/3 levels left

rFire   + + .      SeeInvis .   (weapon currently unavailable)
rCold   + + .      Faith    .   (shield currently unavailable)
rNeg    + + +      Spirit   .   (body armour currently unavailable)
rPois   ∞          Reflect  .   (helmet currently unavailable)
rElec   +          Harm     .   (cloak currently unavailable)
rCorr   +          Rampage  .   (gloves currently unavailable)
Will    .....                   (boots currently unavailable)
Stlth   +.........              (amulet currently unavailable)
HPRegen 0.13/turn               (ring currently unavailable)
MPRegen 0.08/turn               (ring currently unavailable)

@: paralysed, mighty, wisp-form, attractive, flying
A: insubstantial, flying, no casting, tiny, (horns 2), (retaliatory headbutt)
a: Renounce Religion, Berserk, Trog's Hand


You were on level 2 of the Dungeon.
You worshipped Trog.
Trog was most pleased with you.
You were an insubstantial wisp.
You visited 1 branch of the dungeon, and saw 3 of its levels.

You collected 104 gold pieces.
You spent 56 gold pieces at shops.

Inventory:

Hand Weapons
 a - a +0 hand axe
 n - a +0 sling
 r - a +0 war axe (melded)
Armour
 b - a +0 animal skin
 d - a +1 scale mail (melded)
 j - a +0 pair of boots (melded)
Jewellery
 h - an amulet of faith (melded)
 i - a ring of resist corrosion
Scrolls
 m - a scroll of enchant armour
Potions
 c - a potion of berserk rage {unknown}
 e - a potion of resistance {unknown}
 k - 4 potions of mutation
 l - a potion of curing {unknown}
 p - a potion of degeneration {unknown}


   Skills:
 + Level 4.8 Fighting
 + Level 5.0 Axes
 + Level 3.6 Armour
 + Level 2.6 Dodging
 + Level 0.1 Stealth


You had 3 spell levels left.
You didn't know any spells.
Your spell library was empty.

Dungeon Overview and Level Annotations

Branches:
Dungeon (3/15)

Altars:
Makhleb

Shops:
D:2 (

Annotations:
D:2 Grinder
D:3 Robin


Innate Abilities, Weirdness & Mutations

You are an insubstantial wisp.
Your tiny insubstantial body is highly resistant to most damage types.
You are flying.
Your equipment is entirely melded.
You are incapable of wielding weapons or throwing items.
You cannot cast spells.
((You have a pair of horns on your head.))
((You reflexively headbutt those who attack you in melee.))


Message History

You can move again.
Grinder gestures at you. Pain shoots through your body!
Robin zaps a wand.
You turn into an insubstantial wisp.
Your +0 war axe melds into your body.
Your +0 pair of boots melds into your body.
Your +1 scale mail melds into your body.
Your amulet of faith melds into your body.
You touch Robin but do no damage.
Grinder gestures at you.
You shrug off the repeated paralysis!
Robin closely misses you.
Grinder says, "Just stop there for a second..."
Robin hits you but does no damage. Grinder hits you.
Robin hits you from afar with a +0 spear.
There is a stone staircase leading up here.
Grinder barely misses you. Robin hits you but does no damage.
You fly upwards.
There is a stone staircase leading down here.
You touch Grinder.
Grinder is lightly wounded.
Grinder hits you.
You feel very mighty all of a sudden. Grinder hits you.
* * * LOW HITPOINT WARNING * * *
You touch Grinder.
Grinder is lightly wounded.
Grinder misses you.
You touch Grinder!
Grinder is moderately wounded.
Grinder barely misses you.
You barely miss Grinder.
Grinder is moderately wounded.
Grinder hits you.
* * * LOW HITPOINT WARNING * * *
It was a potion of attraction.
You feel attractive to monsters. Grinder gestures at you.
You suddenly lose the ability to move!
Grinder hits you!
You die...

##.##.#...#####
##+###.....#
..[...#.#...#
#....##'####
.#.####.###.###
#....##.# .#[.....#
#...#####....##.#
.########
##.....|........#
## #............###
# ###+##.........#
#
#.....#........####
#
#.....5v..(.......#
###
#.....#...........#
..#
#.....########....#
..# #.....# #....#
..# #.....# #....#
### #.....# #....#
# #.....# #....# #
#.....# #....# #
#.....# #....#


You could see Grinder.

Vanquished Creatures
  Jessica (D:2)
  3 adders (D:2)
  A worm (D:3)
  2 dart slugs
  4 orcs (D:3)
  5 bats
  6 endoplasms
  7 giant cockroaches
  11 goblins
  5 hobgoblins
  6 kobolds
  A quokka (D:2)
  4 ball pythons
  6 frilled lizards
  2 rats
64 creatures vanquished.

Notes
Turn   | Place    | Note
-------+----------+-------------------------------------------
     0 | D:1      | fets63 the Minotaur Berserker began the quest for the Orb.
     0 | D:1      | Reached XP level 1. HP: 19/19 MP: 0/0
    69 | D:1      | Reached XP level 2. HP: 13/27 MP: 1/1
   245 | D:1      | Reached skill level 4 in Axes
   706 | D:1      | Reached XP level 3. HP: 29/33 MP: 2/2
   999 | D:2      | Reached ** piety under Trog
  1223 | D:2      | Noticed Jessica
  1230 | D:2      | Killed Jessica
  1231 | D:2      | Reached XP level 4. HP: 31/41 MP: 3/3
  1430 | D:2      | Found a burning altar of Makhleb.
  1617 | D:2      | Found Qaefaimm's Antique Weapon Boutique.
  1647 | D:2      | Bought a war axe for 56 gold pieces
  2181 | D:3      | Noticed Robin
  2195 | D:3      | Identified the +2 dagger of Loaf {elec, rElec Str+3 Int-4}
  2198 | D:3      | Reached *** piety under Trog
  2199 | D:3      | Reached skill level 5 in Axes
  2202 | D:3      | Noticed Grinder
  2215 | D:3      | Paralysed by Grinder for 4 turns
  2388 | D:3      | Paralysed by Grinder for 2 turns
  2402 | D:2      | Paralysed by Grinder for 2 turns
  2403 | D:2      | Slain by Grinder

Illustrated notes

Levels and vault maps discovered:
D:1:      dpeg_arrival_arbitrary_a, layout_basic
D:2:      layout_basic, serial_shops, nicolae_shop_hallway_stairs, basic_altar,
          uniq_jessica
D:3:      layout_rooms, gammafunk_temple_overflow_pools, uniq_grinder,
          uniq_robin

Skill      XL: |  1  2  3  4 |
---------------+-------------+-----
Axes           | 4 5 |  5.0
Fighting       | 4 |  4.8
Armour         | 3 |  3.6
Dodging        | |  2.6
Stealth        | |  0.1

Action                   |  1- 3 |  4- 6 || total
-------------------------+-------+-------++-------
Melee: Hand axe          |    64 |     9 ||    73
       Headbutt          |     5 |     4 ||     9
       War axe           |       |    33 ||    33
       Unarmed           |       |     9 ||     9
Invok: Berserk           |     1 |       ||     1
  Use: Scroll            |     2 |     6 ||     8
       Potion            |     1 |     2 ||     3
Armor: Animal skin       |     1 |       ||     1
       Scale mail        |    17 |    20 ||    37
       Skin              |       |     2 ||     2
Dodge: Dodged            |    40 |    31 ||    71
